 Dungeon Crawl Stone Soup version 0.30-a0-373-gd37427bb62 (webtiles) character file.

Game seed: 1157908318957624310

482 pokeman the Magician (level 6, 0/34 HPs)
             Began as a Deep Elf Hedge Wizard on Nov 24, 2022.
             Slain by Menkaure (14 damage)
             ... on level 4 of the Dungeon.
             The game lasted 00:05:35 (3094 turns).

pokeman the Magician (Deep Elf Hedge Wizard)        Turns: 3094, Time: 00:05:36

Health: 0/34       AC:  4    Str:  7    XL:     6   Next: 87%
Magic:  14/17      EV: 12    Int: 21    God:
Gold:   63         SH:  0    Dex: 14    Spells: 10/18 levels left

rFire   . . .      SeeInvis .    o - +2 whip (elec)
rCold   . . .      Faith    .    (no shield)
rNeg    . . .      Spirit   .    r - +0 leather armour
rPois   +          Reflect  .    x - +0 helmet
rElec   .          Harm     .    (no cloak)
rCorr   .          Rampage  .    (no gloves)
Will    .....                    (no boots)
Stlth   ++........               q - amulet of regeneration
HPRegen 1.05/turn                u - ring of poison resistance
MPRegen 0.15/turn                (no ring)

@: no status effects
A: no striking features
a: no special abilities


You were on level 4 of the Dungeon.
You visited 1 branch of the dungeon, and saw 4 of its levels.

You collected 63 gold pieces.

Inventory:

Hand Weapons
 b - a +0 longbow
 i - a +1 dagger of venom
 o - a +2 whip of electrocution (weapon)
Armour
 r - a +0 leather armour (worn)
 x - a +0 helmet (worn)
Jewellery
 h - an amulet of guardian spirit
 q - an amulet of regeneration (around neck)
 u - a ring of poison resistance (left hand)
Wands
 v - a wand of flame (20)
 w - a wand of polymorph (5)
Scrolls
 g - 6 scrolls of identify {unknown}
 j - 2 scrolls of teleportation {unknown}
 k - a scroll of immolation {unknown}
 m - 2 scrolls of blinking {unknown}
 n - a scroll of amnesia {unknown}
 s - a scroll of brand weapon {unknown}
 t - a scroll of noise {unknown}
Potions
 a - 2 potions of curing {unknown}
 d - a potion of magic
 e - 2 potions of berserk rage {unknown}
 f - a potion of haste {unknown}
 l - a potion of cancellation {unknown}
 p - a potion of heal wounds {unknown}


   Skills:
 + Level 1.1 Fighting
 - Level 1.1 Armour
 - Level 3.0 Dodging
 - Level 3.0 Stealth
 * Level 6.7 Spellcasting
 + Level 5.3 Conjurations
 - Level 1.1 Summonings
 - Level 1.1 Translocations
 - Level 1.0 Air Magic
 - Level 1.0 Poison Magic


You had 10 spell levels left.
You knew the following spells:

 Your Spells              Type           Power      Damage    Failure   Level
a - Magic Dart            Conj           100%       1d8       1%          1
b - Mephitic Cloud        Conj/Pois/Air  17%        N/A       14%         3
c - Call Imp              Summ           11%        N/A       13%         2
d - Blink                 Tloc           22%        N/A       13%         2

Your spell library contained the following spells:

 Spells                   Type           Power      Damage    Failure   Level
 Slow                     Hex            28%        N/A       13%         1
 Cigotuvi's Dreadful Rot  Necr/Pois/Air  18%        N/A       16%         2


Dungeon Overview and Level Annotations

Branches:
Dungeon (4/15)
 Temple: D:4-7

Altars:
Nemelex Xobeh

Annotations:
D:4 Menkaure


Message History

Confirm with . or Enter, or press ? or * to list all spells.
Aiming: Magic Dart (safe; 1% risk of failure)
Press: ? - help, Shift-Dir - straight line, f/p - Menkaure
Aim: Menkaure (dormant, 100% to hit)
The magic dart hits Menkaure!
Menkaure is moderately damaged.
Casting: Magic Dart (safe; 1% risk of failure)
Confirm with . or Enter, or press ? or * to list all spells.
Aiming: Magic Dart (safe; 1% risk of failure)
Press: ? - help, Shift-Dir - straight line, f/p - Menkaure
Aim: Menkaure (moderately damaged, 100% to hit)
The magic dart hits Menkaure.
Menkaure is moderately damaged.
Menkaure calls on the powers of darkness!
Your body is wracked with pain!
Casting: Magic Dart (safe; 1% risk of failure)
Confirm with . or Enter, or press ? or * to list all spells.
Aiming: Magic Dart (safe; 1% risk of failure)
Press: ? - help, Shift-Dir - straight line, f/p - Menkaure
Aim: Menkaure (moderately damaged, 100% to hit)
The magic dart hits Menkaure!
Menkaure is severely damaged.
Unknown command.
You hit Menkaure but do no damage.
Menkaure is severely damaged.
You barely miss Menkaure.
Menkaure is severely damaged.
Menkaure mumbles some strange words.
Menkaure seems to speed up.
You hit Menkaure.
Menkaure is almost destroyed.
Menkaure barely misses you.
Menkaure calls on the powers of darkness!
Your body is wracked with pain!
Your magical contamination has completely faded away.
Unknown command.
You barely miss Menkaure.
Menkaure is almost destroyed.
Menkaure hits you!
You die...

....<................#
.##.##.##...........##
. #.# ##.#####.#####
... #.# ...## #.######
###.# #......# #.#
#..###.# ... #..# #.@#
#M.....# ...##>###
##### .# #


You could see Menkaure (fast).

Vanquished Creatures
  Grinder (D:3)
  A hound (D:4)
  Terence (D:2)
  Natasha (thrice) (D:3)
  5 gnolls
  3 adders (D:2)
  A worm (D:2)
  2 dart slugs
  6 orcs (D:3)
  6 ball pythons
  2 endoplasms
  6 goblins
  A hobgoblin (D:4)
  4 jackals (D:1)
  11 kobolds
  6 bats
  5 frilled lizards
  6 rats
70 creatures vanquished.

Notes
Turn   | Place    | Note
-------+----------+-------------------------------------------
     0 | D:1      | pokeman the Deep Elf Hedge Wizard began the quest for the
                  | Orb.
     0 | D:1      | Reached XP level 1. HP: 10/10 MP: 7/7
   370 | D:1      | Reached XP level 2. HP: 16/16 MP: 6/9
   743 | D:1      | Reached skill level 5 in Spellcasting
   820 | D:1      | Reached XP level 3. HP: 7/20 MP: 1/11
   825 | D:1      | Learned a level 3 spell: Mephitic Cloud
   828 | D:1      | Learned a level 2 spell: Call Imp
   831 | D:1      | Learned a level 2 spell: Blink
  1260 | D:2      | Reached skill level 1 in Fighting
  1396 | D:2      | Noticed Terence
  1405 | D:2      | Killed Terence
  1406 | D:2      | Reached skill level 1 in Armour
  1406 | D:2      | Reached XP level 4. HP: 21/25 MP: 5/13
  1622 | D:2      | Found a sparkling altar of Nemelex Xobeh.
  1686 | D:2      | Reached skill level 6 in Spellcasting
  1784 | D:2      | Reached XP level 5. HP: 29/29 MP: 13/15
  2041 | D:2      | Found a faded altar of an unknown god.
  2442 | D:3      | Noticed Natasha
  2448 | D:3      | Killed Natasha
  2512 | D:3      | Noticed Grinder
  2539 | D:3      | Paralysed by Grinder for 5 turns
  2555 | D:3      | Killed Grinder
  2556 | D:3      | Reached skill level 5 in Conjurations
  2556 | D:3      | Reached XP level 6. HP: 14/34 MP: 3/17
  2634 | D:3      | Noticed Natasha
  2637 | D:3      | Killed Natasha
  2767 | D:3      | Noticed Natasha
  2772 | D:3      | Killed Natasha
  2773 | D:3      | Reached skill level 1 in Air Magic
  2773 | D:3      | Reached skill level 1 in Poison Magic
  3086 | D:4      | Noticed Menkaure
  3094 | D:4      | Slain by Menkaure

Illustrated notes

Levels and vault maps discovered:
D:1:      tarquinn_simple_flora_water_a, layout_basic
D:2:      layout_rooms, chequers_ecumenical_altar_simple, basic_altar,
          uniq_terence
D:3:      layout_rooms, uniq_grinder, uniq_natasha
D:4:      layout_loops_ring, minmay_temple_entry_proselytizer, uniq_pikel,
          uniq_crazy_yiuf_cottage, uniq_menkaure

Skill      XL: |  1  2  3  4  5  6 |
---------------+-------------------+-----
Spellcasting   | 5 6 |  6.7
Fighting       | 1 |  1.1
Armour         | 1 |  1.1
Conjurations   | 2 5 |  5.3
Dodging        | 3 |  3.0
Stealth        | 3 |  3.0
Air Magic      | 1 |  1.0
Poison Magic   | 1 |  1.0
Summonings     | |  1.1
Translocations | |  1.1

Action                   |  1- 3 |  4- 6 || total
-------------------------+-------+-------++-------
Melee: Dagger            |    15 |       ||    15
       Whip              |     2 |    22 ||    24
 Cast: Magic Dart        |    64 |   107 ||   171
       Mephitic Cloud    |     1 |       ||     1
       Call Imp          |       |     2 ||     2
       Blink             |       |     1 ||     1
 Stab: Sleeping          |     2 |       ||     2
Armor: Robe              |     9 |       ||     9
Dodge: Dodged            |    13 |    24 ||    37

Table legend: (Time is in decaauts)
 A = Elapsed time spent in this place.
 B = Non-inter-level travel time spent in this place.
 C = Inter-level travel time spent in this place.
 D = Time resting spent in this place.
 E = Time spent auto-exploring this place.
 F = Levels seen in this place.
 G = Mean time per level.
                   A        B        C        D        E       F      G
               +--------+--------+--------+--------+--------+-----+--------+
         Total |   3094 |   3016 |     78 |    107 |   2448 |   4 |  773.5 |
       Dungeon |   3094 |   3016 |     78 |    107 |   2448 |   4 |  773.5 |
               +--------+--------+--------+--------+--------+-----+--------+

Top non-repeatable levels by time:
     D:1: 1254 daAuts
     D:2: 973 daAuts
     D:3: 727 daAuts
     D:4: 139 daAuts
